 Dungeon Sprint DCSS version 0.30.1-1-g62c8e00024 (webtiles) character file.

Game seed: 6088581907166236631

3800000 boopmooplesden the Axe Maniac (level 21, -52/204 HPs)
             Began as a Demonspawn Gladiator on July 16, 2023.
             Was the Champion of Makhleb.
             Annihilated by a large bag of meat
             ... wielding a +9 giant spiked club
              (100 damage)
             ... in the Dungeon (Sprint VIII: "Arena of Blood").
             The game lasted 00:02:09 (38 turns).

boopmooplesden the Axe Maniac (Demonspawn Gladiator)  Turns: 38, Time: 00:02:10

Health: -52/204    AC:  6    Str: 23    XL:     21   Next: 56%
Magic:  20/34      EV: 29    Int: 10    God:    Makhleb [******]
Gold:   0          SH:  0    Dex: 17    Spells: 39/39 levels left

rFire   . . .        l - +∞ Axe of Woe
rCold   . . .        (shield currently unavailable)
rNeg    . . .        b - +0 leather armour
rPois   .            (helmet unavailable)
rElec   .            (no cloak)
rCorr   .            (gloves unavailable)
SInv    .            (boots unavailable)
Will    +....        (no amulet)
Stlth   +++++        (no ring)
HPRegen 11.54/turn   (no ring)
MPRegen 0.24/turn

%: no teleportation
@: no status effects
A: hooves 3, horns 3, icemail 1, powered by death 2, condensation shield,
demonic touch 3
a: Renounce Religion, Minor Destruction, Lesser Servant of Makhleb, Major
Destruction, Greater Servant of Makhleb


You were in the Dungeon.
You worshipped Makhleb.
Makhleb was exalted by your worship.
You visited 1 branch

Inventory:

Hand Weapons
 a - a +0 war axe
 l - the +∞ Axe of Woe (weapon)
   (You found it in the Dungeon)
Missiles
 d - 3 throwing nets (quivered)
 e - a javelin
Armour
 b - a +0 leather armour (worn)
 c - a +0 helmet
Jewellery
 m - a +30 ring of slaying
Scrolls
 k - a scroll of blinking
Potions
 f - a potion of curing
 g - a potion of heal wounds
 h - a potion of haste
 i - 2 potions of magic
 j - a potion of berserk rage


   Skills:
 O Level 27 Fighting
 + Level 10.9(12.5) Short Blades
 + Level 9.8(11.9) Long Blades
 O Level 27 Axes
 + Level 9.8(20.8) Maces & Flails
 + Level 9.8(20.8) Polearms
 + Level 9.8(13.0) Staves
 + Level 9.8 Ranged Weapons
 O Level 27 Throwing
 O Level 27 Armour
 O Level 27 Dodging
 + Level 10.6 Stealth
 O Level 27 Shields
 + Level 9.8 Unarmed Combat
 + Level 9.8 Spellcasting
 + Level 10.6 Conjurations
 + Level 10.7 Hexes
 + Level 11.9 Summonings
 + Level 12.9 Necromancy
 + Level 10.9 Translocations
 + Level 10.9 Transmutations
 + Level 10.9 Fire Magic
 + Level 10.9 Ice Magic
 + Level 10.9 Air Magic
 + Level 10.9 Earth Magic
 + Level 11.9 Poison Magic
 + Level 15.1 Invocations
 + Level 11.9 Evocations


You had 39 spell levels left.
You didn't know any spells.
Your spell library was empty.

Dungeon Overview and Level Annotations

Branches:
Dungeon (1/1)

Altars:
Makhleb


Innate Abilities, Weirdness & Mutations

You have hooves in place of feet.
You have a pair of large horns on your head.
A meltable icy envelope protects you from harm. (AC +0)
You regenerate health from kills.
A meltable shield of frost defends you. (SH +0)
Your touch may irresistibly damage your foes and sap their willpower.


Message History

You hit the destroyer but do no damage.
You cleave the destroyer in twain.
You destroy the destroyer!
Makhleb accepts your kill.
You slash the meat berserker!
You slaughter the meat berserker joyfully.
You kill the meat berserker!
Makhleb accepts your kill.
You hear a shout! x5
Your base Short Blades skill increases to level 10!
Your base Long Blades skill increases to level 9!
Your base Maces & Flails skill increases to level 9!
Your base Polearms skill increases to level 9!
Your base Staves skill increases to level 9!
Your Ranged Weapons skill increases to level 9!
Your Stealth skill increases to level 10!
Your Unarmed Combat skill increases to level 9!
Your Spellcasting skill increases to level 9!
Your Conjurations skill increases to level 10!
Your Hexes skill increases to level 10!
Your Summonings skill increases to level 11!
Your Necromancy skill increases to level 12!
Your Translocations skill increases to level 10!
Your Transmutations skill increases to level 10!
Your Fire Magic skill increases to level 10!
Your Ice Magic skill increases to level 10!
Your Air Magic skill increases to level 10!
Your Earth Magic skill increases to level 10!
Your Poison Magic skill increases to level 11!
Your Invocations skill gained 2 levels and is now at level 15!
Your Evocations skill increases to level 11!
A destroyer comes into view. It is wielding a +9 heavy great sword.
You hear a shout! x7
The sculptor of flesh is engulfed in blazing flames.
You hear a shout!
The bag of meat hits you with a +9 war axe!!!
The large bag of meat hits you with a +9 giant spiked club!!!!
Ouch! That really hurt!
* * * LOW HITPOINT WARNING * * *
The large bag of meat hits you with a +9 giant spiked club!!!!
You die...

....#.....#......#
........o.)).......
.......###)).......
..###....)..###....
. #...°○○.#....z.
#...)z○.#......
.......§)zo.z....
........))Ooo.#..
.........@...#...
..........o##....
.#........#......
.........#...###
#.#...........V
...............
..#.....# ##...
......... ...


You could see a destroyer (wandering), 4 sculptors of flesh, a large bag of meat
(inner flame) and 4 bags of meat.

Vanquished Creatures
  2 vampire knights (D)
  11 ogres (D)
  A two-headed ogre (D)
  38 orcs (D)
52 creatures vanquished.

Notes
Turn   | Place    | Note
-------+----------+-------------------------------------------
     0 | D        | Found the +∞ Axe of Woe
     0 | D        | boopmooplesden the Demonspawn Gladiator began the quest for
                  | the Orb.
     0 | D        | Reached XP level 1. HP: 16/16 MP: 1/1
     2 | D        | Noticed a bag of meat
     2 | D        | Noticed a bag of meat
     4 | D        | Became a worshipper of Makhleb the Destroyer
     4 | D        | Noticed a bag of meat
     5 | D        | Noticed a bag of meat
     6 | D        | Noticed a bag of meat
     6 | D        | Noticed a bag of meat
     6 | D        | Noticed a bag of meat
     8 | D        | Noticed a bag of meat
     8 | D        | Noticed a meat berserker
     8 | D        | Noticed a bag of meat
     8 | D        | Noticed a bag of meat
     9 | D        | Killed a bag of meat
     9 | D        | Killed a bag of meat
     9 | D        | Reached * piety under Makhleb
     9 | D        | Noticed a bag of meat
     9 | D        | Noticed a bag of meat
     9 | D        | Noticed a bag of meat
    10 | D        | Reached skill level 10 in Fighting
    10 | D        | Gained mutation: A meltable shield of frost defends you.
                  | (SH +0) [demonic ancestry]
    10 | D        | Reached XP level 2. HP: 36/36 MP: 2/2
    10 | D        | Gained mutation: A meltable icy envelope protects you from
                  | harm. (AC +0) [demonic ancestry]
    10 | D        | Reached XP level 3. HP: 42/42 MP: 3/3
    10 | D        | Reached XP level 4. HP: 49/49 MP: 4/4
    10 | D        | Discovered your monstrous ancestry.
    10 | D        | Gained mutation: You have large cloven feet. [demonic
                  | ancestry]
    10 | D        | Reached XP level 5. HP: 54/54 MP: 5/5
    10 | D        | Gained mutation: You regenerate a little health from kills.
                  | [demonic ancestry]
    10 | D        | Reached XP level 6. HP: 61/61 MP: 6/6
    10 | D        | Gained mutation: You have hoof-like feet. [demonic
                  | ancestry]
    10 | D        | Reached XP level 7. HP: 67/67 MP: 7/7
    10 | D        | Reached XP level 8. HP: 74/74 MP: 8/8
    10 | D        | Gained mutation: Your touch may inflict minor irresistible
                  | damage on your foes. [demonic ancestry]
    10 | D        | Reached XP level 9. HP: 79/79 MP: 9/9
    10 | D        | Gained mutation: Your touch may inflict irresistible damage
                  | on your foes. [demonic ancestry]
    10 | D        | Reached XP level 10. HP: 86/86 MP: 10/10
    10 | D        | Gained mutation: Your touch may irresistibly damage your
                  | foes and sap their willpower. [demonic ancestry]
    10 | D        | Reached XP level 11. HP: 92/92 MP: 11/11
    10 | D        | Killed a bag of meat
    10 | D        | Noticed a bag of meat
    10 | D        | Noticed a bag of meat
    11 | D        | Reached skill level 10 in Throwing
    11 | D        | Reached XP level 12. HP: 102/102 MP: 12/12
    11 | D        | Killed a meat berserker
    11 | D        | Killed a bag of meat
    11 | D        | Reached ** piety under Makhleb
    11 | D        | Noticed a bag of meat
    11 | D        | Noticed a bag of meat
    12 | D        | Reached XP level 13. HP: 114/114 MP: 13/13
    12 | D        | Noticed a bag of meat
    12 | D        | Noticed a bag of meat
    12 | D        | Noticed a bag of meat
    12 | D        | Noticed a bag of meat
    13 | D        | Killed a bag of meat
    13 | D        | Killed a bag of meat
    13 | D        | Noticed a bag of meat
    14 | D        | Reached skill level 15 in Fighting
    14 | D        | Gained mutation: You regenerate health from kills. [demonic
                  | ancestry]
    14 | D        | Reached XP level 14. HP: 88/123 MP: 14/14
    14 | D        | Noticed a large bag of meat
    14 | D        | Noticed a meat berserker
    14 | D        | Noticed a meat berserker
    15 | D        | Killed a bag of meat
    15 | D        | Reached *** piety under Makhleb
    15 | D        | Killed a bag of meat
    15 | D        | Killed a bag of meat
    15 | D        | Noticed a bag of meat
    16 | D        | Gained mutation: You have a pair of small horns on your
                  | head. [demonic ancestry]
    16 | D        | Reached XP level 15. HP: 134/134 MP: 15/15
    16 | D        | Reached **** piety under Makhleb
    17 | D        | Reached skill level 27 in Axes
    17 | D        | Reached skill level 15 in Throwing
    17 | D        | Reached ***** piety under Makhleb
    17 | D        | Noticed a meat berserker
    18 | D        | Gained mutation: You have a pair of horns on your head.
                  | [demonic ancestry]
    18 | D        | Reached XP level 16. HP: 150/150 MP: 16/16
    18 | D        | Noticed a meat berserker
    19 | D        | Reached skill level 1 in Armour
    19 | D        | Reached skill level 27 in Dodging
    19 | D        | Noticed a destroyer
    20 | D        | Killed a meat berserker
    20 | D        | Killed a meat berserker
    20 | D        | Noticed a meat berserker
    21 | D        | Reached skill level 27 in Fighting
    21 | D        | Gained mutation: You have a pair of large horns on your
                  | head. [demonic ancestry]
    21 | D        | Reached XP level 17. HP: 174/174 MP: 17/17
    22 | D        | Noticed a meat berserker
    22 | D        | Killed a large bag of meat
    22 | D        | Reached ****** piety under Makhleb
    22 | D        | Noticed a meat berserker
    23 | D        | Reached skill level 27 in Throwing
    23 | D        | Killed a meat berserker
    24 | D        | Reached XP level 18. HP: 177/182 MP: 18/18
    24 | D        | Noticed a meat berserker
    25 | D        | Killed a destroyer
    25 | D        | Killed a meat berserker
    25 | D        | Killed a meat berserker
    26 | D        | Reached skill level 27 in Armour
    26 | D        | Killed a meat berserker
    27 | D        | Reached XP level 19. HP: 149/189 MP: 19/19
    27 | D        | Noticed a large bag of meat
    27 | D        | Noticed a meat berserker
    28 | D        | Reached skill level 27 in Shields
    28 | D        | Killed a meat berserker
    29 | D        | Noticed a meat berserker
    30 | D        | Reached skill level 5 in Necromancy
    30 | D        | Killed a meat berserker
    31 | D        | Reached skill level 5 in Long Blades
    31 | D        | Reached skill level 5 in Maces & Flails
    31 | D        | Reached skill level 5 in Polearms
    31 | D        | Reached skill level 5 in Staves
    31 | D        | Reached skill level 5 in Ranged Weapons
    31 | D        | Reached skill level 5 in Unarmed Combat
    31 | D        | Reached skill level 5 in Spellcasting
    31 | D        | Gained mutation: You have hooves in place of feet. [demonic
                  | ancestry]
    31 | D        | Reached XP level 20. HP: 197/197 MP: 19/28
    32 | D        | Reached skill level 10 in Invocations
    33 | D        | Noticed a destroyer
    34 | D        | Killed a meat berserker
    35 | D        | Reached skill level 10 in Summonings
    35 | D        | Reached skill level 10 in Poison Magic
    35 | D        | Reached skill level 10 in Evocations
    35 | D        | Reached XP level 21. HP: 204/204 MP: 19/33
    37 | D        | Killed a destroyer
    38 | D        | Reached skill level 10 in Short Blades
    38 | D        | Reached skill level 10 in Stealth
    38 | D        | Reached skill level 10 in Conjurations
    38 | D        | Reached skill level 10 in Hexes
    38 | D        | Reached skill level 10 in Translocations
    38 | D        | Reached skill level 10 in Transmutations
    38 | D        | Reached skill level 10 in Fire Magic
    38 | D        | Reached skill level 10 in Ice Magic
    38 | D        | Reached skill level 10 in Air Magic
    38 | D        | Reached skill level 10 in Earth Magic
    38 | D        | Reached skill level 15 in Invocations
    38 | D        | Noticed a destroyer
    38 | D        | Annihilated by a large bag of meat

Illustrated notes

Levels and vault maps discovered:
D:        meatsprint

Skill      XL: |  1  2  3  4  5  6  7  8  9 10 11 12 13 14 15 16 17 18 19 20 21 |
---------------+----------------------------------------------------------------+-----
Fighting       | 10 12 14 15 17 20 27 | 27.0
Axes           | 18 19 22 24 26 27 | 27.0
Throwing       | 9 10 11 12 13 15 24 27 | 27.0
Dodging        | 16 17 20 21 23 26 27 | 27.0
Armour         | 7 19 27 | 27.0
Shields        | 13 24 27 | 27.0
Short Blades   | 6 9 10 | 10.9
Long Blades    | 5 8 9 |  9.8
Maces & Flails | 5 8 9 |  9.8
Polearms       | 5 8 9 |  9.8
Staves         | 5 8 9 |  9.8
Ranged Weapons | 5 8 9 |  9.8
Stealth        | 6 9 10 | 10.6
Unarmed Combat | 5 8 9 |  9.8
Spellcasting   | 5 8 9 |  9.8
Conjurations   | 6 9 10 | 10.6
Hexes          | 6 9 10 | 10.7
Summonings     | 6 10 11 | 11.9
Necromancy     | 7 11 12 | 12.9
Translocations | 6 9 10 | 10.9
Transmutations | 6 9 10 | 10.9
Fire Magic     | 6 9 10 | 10.9
Ice Magic      | 6 9 10 | 10.9
Air Magic      | 6 9 10 | 10.9
Earth Magic    | 6 9 10 | 10.9
Poison Magic   | 6 10 11 | 11.9
Invocations    | 9 13 15 | 15.1
Evocations     | 6 10 11 | 11.9

Action                     |  1- 3 |  4- 6 |  7- 9 | 10-12 | 13-15 | 16-18 | 19-21 || total
---------------------------+-------+-------+-------+-------+-------+-------+-------++-------
  Melee: Executioner's axe |     1 |       |       |     2 |     4 |     6 |    10 ||    23
  Block: Other             |       |       |       |       |       |     1 |       ||     1
